Map: Blackpink LE

Players

Nautilus - Winner!

  • Race: Terran Terran
  • League: Diamond
  • Spawn Location: 1:00

Subwayeatn

  • Race: Zerg Zerg
  • League: Platinum
  • Spawn Location: 7:00

VOD

Have the link to the VOD?

Description

Time

  • Played on: April 25, 2018, 4:32 p.m.
  • Length: 4:59
Show
View Real Time Build Order
Export as new Build Order

Nautilus Terran - Winner!

Build Orders: Cyclone Opening 

Get SALT Encoding   

  12  0:03  SCV  
  13  0:15  SCV  
  13  0:20  Supply Depot  
  14  0:27  SCV  
  15  0:41  SCV  
  16  0:44  Refinery  
  16  0:46  Refinery  
  16  0:56  Barracks  
  16  1:01  SCV  
  17  1:13  SCV  
  18  1:25  SCV  
  19  1:37  SCV  
  20  1:44  Factory  
  20  1:45  Barracks Reactor  
  20  1:57  Orbital Command  
  20  2:07  Supply Depot  
  20  2:22  SCV  
  21  2:31  Starport  
  21  2:34  SCV  
  22  2:42  Cyclone  
  25  2:51  SCV  
  25  2:55  Cyclone  
  29  3:03  SCV  
  30  3:19  Supply Depot  
  30  3:29  Liberator, Hellion x2  
  30  3:31  SCV  
  38  3:37  Supply Depot  
  38  3:48  SCV  
  38  3:50  Cyclone  
  42  3:56  Cyclone  
  42  4:01  SCV  
  46  4:11  Liberator  
  46  4:13  SCV  
  50  4:25  SCV  
  50  4:28  Supply Depot  
Show
View Real Time Build Order
Export as new Build Order

Subwayeatn Zerg 

Build Orders: Pool First 

Get SALT Encoding   

  12  0:00  Drone  
  13  0:11  Drone  
  14  0:17  Overlord  
  14  0:36  Drone x3  
  17  0:42  Extractor  
  17  0:47  Spawning Pool  
  15  0:53  Drone  
  16  1:17  Hatchery  
  15  1:21  Drone  
  16  1:27  Drone  
  16  1:29  Drone  
  18  1:41  Queen  
  20  1:49  Metabolic Boost  
  20  1:55  Overlord  
  20  2:03  Drone x2  
  22  2:14  Drone  
  23  2:19  Pneumatized Carapace  
  23  2:28  Zergling x2  
  23  2:29  Zergling x2  
  25  2:34  Zergling x2  
  26  2:37  Queen  
  29  2:44  Drone x2  
  30  2:54  Drone x3  
  30  2:55  Drone  
  34  3:01  Overlord  
  34  3:06  Overlord  
  34  3:23  Lair  
  34  3:32  Drone x7  
  34  3:33  Extractor  
  40  3:51  Overlord  
  40  3:53  Overlord  
  40  3:59  Drone x4  
  40  4:00  Extractor, Drone x4  
  40  4:01  Extractor  
  46  4:04  Queen  
  46  4:09  Overlord  
  48  4:22  Evolution Chamber  
  47  4:24  Evolution Chamber  
  46  4:38  Spine Crawler  
  46  4:41  Spine Crawler  
Tags
 
Add a new tag
Caveats
  • Supply blocks, unpowered buildings, or Contaminate may cause inaccurate times.
  • Supply counts are checked every 10 seconds.